 Dungeon Crawl Stone Soup version 0.27-a0-334-g52645efa06 (webtiles) character file.

Game seed: 3096680531890380695

245 wakim the Insei (level 6, 0/39 HPs)
             Began as an Octopode Transmuter on Feb 13, 2021.
             Killed by nerve-wracking pain
             ... invoked by an orc priest
              (3 damage)
             ... on level 4 of the Dungeon.
             The game lasted 00:09:25 (3455 turns).

wakim the Insei (Octopode Transmuter)               Turns: 3455, Time: 00:09:26

Health: 0/39       AC:  6    Str: 21    XL:     6   Next: 10%
Magic:  8/10       EV: 22    Int: 18    God:
Gold:   120        SH:  0    Dex: 23    Spells: 7/11 levels left

rFire    x . .     SeeInvis .     - Unarmed
rCold    . . .     Faith    .   (shield currently unavailable)
rNeg     + . .     Spirit   .   (helmet currently unavailable)
rPois    .         Reflect  .   (no amulet)
rElec    .         Harm     .   f - +4 ring of protection
rCorr    .         Rampage  .   n - +6 ring of strength
Will     .....                  q - +6 ring of dexterity
Stlth    ++........             r - ring of positive energy
HPRegen  0.13/turn              w - ring "Liureal" {Wiz +Inv rPois rF- Str+6}
MPRegen  0.12/turn              (no ring)
                                (no ring)
                                (no ring)

@: lethally poisoned (0 -> -8), spider-form (expiring)
A: tiny, almost no armour, stealthy swim, (amphibious), 8 rings, (constrict 8)
a: End Transformation, Evoke Invisibility


You were on level 4 of the Dungeon.
You were a venomous arachnid creature.
You visited 1 branch of the dungeon, and saw 4 of its levels.

You collected 120 gold pieces.

Inventory:

Hand Weapons
 b - a +0 dagger of venom
Missiles
 o - 5 poisoned darts
Jewellery
 f - a +4 ring of protection (left front leg)
 n - a +6 ring of strength (right front leg)
 q - a +6 ring of dexterity (on tentacle)
 r - a ring of positive energy (on tentacle)
 w - the ring "Liureal" (on tentacle) {Wiz +Inv rPois rF- Str+6}
   (You found it on level 4 of the Dungeon)

   [ring of wizardry]

   It improves your spell success rate.
   It affects your strength (+6).
   It makes you vulnerable to fire.
   It protects you from poison.
   It lets you turn invisible.
Scrolls
 c - 2 scrolls of blinking {unknown}
 e - 2 scrolls of noise {unknown}
 g - 2 scrolls of enchant armour {unknown}
 h - a scroll of magic mapping {unknown}
 j - a scroll of identify {unknown}
 l - a scroll of fear {unknown}
 m - a scroll of enchant weapon {unknown}
 p - a scroll of random uselessness {unknown}
 t - a scroll of amnesia {unknown}
 x - a scroll of immolation {unknown}
Potions
 a - a potion of brilliance {unknown}
 d - a potion of might {unknown}
 i - a potion of flight {unknown}
 k - 3 potions of curing
 s - 2 potions of heal wounds {unknown}
 u - a potion of degeneration {unknown}
 v - 2 potions of attraction {unknown}


   Skills:
 + Level 2.1 Fighting
 + Level 2.8 Dodging
 + Level 4.0 Unarmed Combat
 * Level 3.0 Spellcasting
 * Level 3.5 Transmutations
 * Level 1.8 Poison Magic


You had 7 spell levels left.
You knew the following spells:

 Your Spells              Type           Power        Failure   Level
a - Beastly Appendage     Tmut           30%          4%          1
b - Spider Form           Tmut/Pois      6%           14%         3

Your spell library contained the following spells:

 Spells                   Type           Power        Failure   Level
 Wereblood                Tmut           15%          7%          2
 Ice Form                 Ice/Tmut       9%           45%         4
 Blade Hands              Tmut           7%           54%         5


Dungeon Overview and Level Annotations

Branches:
Dungeon (4/15)
 Temple: D:4-7

Altars:
Hepliaklqana

Annotations:
D:2 Sigmund
D:4 Edmund


Innate Abilities, Weirdness & Mutations

You cannot wear most types of armour.
You are very stealthy in the water. (Stealth+)
((You are amphibious.))
You can wear up to eight rings at the same time.
((You can use your tentacles to constrict eight enemies at once.))
((Your skin changes colour to match your surroundings (Stealth+).))
((Your rubbery body absorbs attacks. (AC +1, EV +1)))


Message History

The orc priest miscasts a cantrip.
The orc wizard gestures at itself while chanting.
The orc wizard flickers and vanishes!
Deactivating autopickup; reactivate with Ctrl-A.
The orc closely misses you.
Edmund the Younger comes into view.
He is wielding a +5 flail of draining and carrying a wand of polymorph (6).
The orc wizard points at you and mumbles some strange words.
You are confused.
Unknown command.
You hit the orc wizard.
The orc wizard is severely wounded.
You feel sick. The orc closely misses you.
The orc wizard points at you and mumbles some strange words.
The puff of flame hits you! The fire burns you terribly!
* * * LOW HITPOINT WARNING * * *
You're too confused to move!
The orc priest misses you.
Your transformation is almost over.
You feel sick. The orc wizard closely misses you.
You bump into the rock wall.
The orc priest mumbles some strange prayers to Beogh against you.
You barely resist.
You bump into the rock wall.
You feel less confused.
The orc wizard points at you and mumbles some strange words.
The puff of flame misses you.
You hit the orc priest.
The orc priest is lightly wounded.
You feel sick.
The orc wizard hits you but does no damage.
You are more poisoned.
Edmund zaps a wand.
You resist with some effort.
The orc priest calls down the wrath of Beogh upon you.
Beogh smites you!
* * * LOW HITPOINT WARNING * * *
You bite the orc priest!
The orc priest is severely wounded.
The orc wizard barely misses you.
The orc priest calls down the wrath of Beogh upon you.
Pain shoots through your body!
You die...

#..... ... .. #.....#>.#
##### #.....#..####
..... ###..........#
..... ....#..w.....#
....#
.............##..... #
....#.#@o.......... # .
#.o.####...... #
#.os####......######
#...##....#.##......
#####...#...............
#......##...............
#........[..............
#............#...#......
####..#......#.###......
####...........#######..
#....###..#####.........


You could see Edmund, a worm, an orc priest, an orc wizard (poisoned) and an
orc.

Vanquished Creatures
  An orc priest (D:3)
  A centaur skeleton (D:4)
  An orc wizard (D:4)
  A worker ant (D:3)
  6 adders
  3 worms (D:2)
  3 dart slugs
  2 leopard geckos (D:2)
  6 orcs
  A ball python (D:1)
  3 bats
  4 giant cockroaches
  8 goblins
  6 hobgoblins
  4 jackals
  7 kobolds
  A quokka (D:3)
  4 frilled lizards
  4 rats
66 creatures vanquished.

Notes
Turn   | Place    | Note
-------+----------+-------------------------------------------
     0 | D:1      | wakim the Octopode Transmuter began the quest for the Orb.
     0 | D:1      | Reached XP level 1. HP: 13/13 MP: 3/3
   316 | D:1      | Reached XP level 2. HP: 18/18 MP: 5/5
  1056 | D:2      | Reached XP level 3. HP: 23/23 MP: 6/6
  1141 | D:2      | Noticed Sigmund
  1949 | D:2      | Learned a level 3 spell: Spider Form
  1998 | D:2      | Reached XP level 4. HP: 28/28 MP: 4/7
  2212 | D:3      | Reached XP level 5. HP: 19/34 MP: 1/8
  2648 | D:3      | Found a hazy altar of Hepliaklqana.
  2764 | D:3      | Reached skill level 1 in Poison Magic
  3089 | D:4      | Reached skill level 4 in Unarmed Combat
  3089 | D:4      | Reached XP level 6. HP: 28/39 MP: 10/10
  3339 | D:4      | Got a transparent ivory ring
  3340 | D:4      | Identified the ring "Liureal" {Wiz +Inv rPois rF- Str+6}
                  | (You found it on level 4 of the Dungeon)
  3447 | D:4      | Noticed Edmund
  3455 | D:4      | Killed from afar by an orc priest

Illustrated notes

Levels and vault maps discovered:
D:1:      dpeg_arrival_round_c, layout_loops_corners
D:2:      layout_rooms, uniq_sigmund
D:3:      layout_rooms, general_overflow_altar, moated_statue
D:4:      layout_basic, uniq_edmund

Skill      XL: |  1  2  3  4  5 |
---------------+----------------+-----
Transmutations | 3 |  3.5
Poison Magic   | 1 |  1.8
Fighting       | 2 |  2.1
Unarmed Combat | 4 |  4.0
Spellcasting   | 3 |  3.0
Dodging        | |  2.8

Action                   |  1- 3 |  4- 6 || total
-------------------------+-------+-------++-------
Melee: Unarmed           |    87 |    94 ||   181
       Constrict         |    23 |     8 ||    31
       Tentacles         |    15 |    11 ||    26
       Punch             |     4 |     3 ||     7
       Kick              |    13 |       ||    13
 Cast: Beastly Appendage |    13 |       ||    13
       Spider Form       |     2 |    15 ||    17
 Stab: Sleeping          |     6 |     1 ||     7
       Distracted        |       |     1 ||     1
Armor: Skin              |    25 |    11 ||    36
Dodge: Dodged            |    69 |    74 ||   143

Table legend: (Time is in decaauts)
 A = Elapsed time spent in this place.
 B = Non-inter-level travel time spent in this place.
 C = Inter-level travel time spent in this place.
 D = Time resting spent in this place.
 E = Time spent auto-exploring this place.
 F = Levels seen in this place.
 G = Mean time per level.
                   A        B        C        D        E       F      G
               +--------+--------+--------+--------+--------+-----+--------+
         Total |   3445 |   3368 |     77 |   1118 |   1595 |   4 |  861.2 |
       Dungeon |   3445 |   3368 |     77 |   1118 |   1595 |   4 |  861.2 |
               +--------+--------+--------+--------+--------+-----+--------+

Top non-repeatable levels by time:
     D:1: 1020 daAuts
     D:2: 993 daAuts
     D:3: 887 daAuts
     D:4: 544 daAuts
